 Dungeon Crawl Stone Soup version 0.19-a0-1670-gc28a5d9 (console) character file.

2407 rgaf the Archer (level 9, -4/77 HPs)
             Began as a Centaur Hunter on Sept 21, 2016.
             Was an Initiate of Okawaru.
             Slain by a warg (10 damage)
             ... on level 7 of the Dungeon.
             The game lasted 00:20:34 (10398 turns).

rgaf the Archer (Centaur Hunter)                   Turns: 10398, Time: 00:20:35

Health: -4/77      AC:  8    Str: 16    XL:     9   Next: 23%
Magic:  9/9        EV:  9    Int: 13    God:    Okawaru [......]
Gold:   332        SH:  0    Dex:  9    Spells: 0 memorised, 8 levels left

rFire  . . .     SeeInvis .     b - +0 quarterstaff
rCold  . . .     Gourm    .     c - +0 leather armour
rNeg   . . .     Faith    .     (shield currently unavailable)
rPois  .         Spirit   .     y - +2 hat
rElec  .         Dismiss  .     h - +0 cloak
rCorr  .         Reflect  .     H - +0 pair of gloves
MR     .....     Harm     .     (no barding)
Stlth  ++........               (no amulet)
                                (no ring)
                                v - ring of stealth

@: very quick
A: hooves 3, deformed body, speed 2, tough skin 3
a: Renounce Religion


You were on level 7 of the Dungeon.
You worshipped Okawaru.
Okawaru was noncommittal.
You were not hungry.

You visited 2 branches of the dungeon, and saw 9 of its levels.
You also visited: Ossuary.

You collected 332 gold pieces.

Inventory:

Hand Weapons
 a - a +1 shortbow
 b - a +0 quarterstaff (weapon)
 w - a +0 short sword
Missiles
 s - 49 arrows
Armour
 c - a +0 leather armour (worn)
 d - a +0 helmet
 h - a +0 cloak (worn)
 y - a +2 hat (worn)
 B - the +15 plate armour of the Untouchables {*Corrode +Blink Regen+}
   (You found it on level 5 of the Dungeon)

   It lets you blink.
   It increases your rate of regeneration.
   It may corrode you when you take damage.
 H - a +0 pair of gloves (worn)
Jewellery
 q - an uncursed amulet of harm
 v - a ring of stealth (left hand)
 G - an uncursed amulet of magic regeneration
Wands
 D - a wand of digging (13/24)
 I - a wand of polymorph (5/24)
Scrolls
 e - 2 scrolls of immolation {unknown}
 g - a scroll of magic mapping {unknown}
 i - 10 scrolls of identify {unknown}
 j - a scroll of recharging {unknown}
 l - a scroll of enchant armour {unknown}
 n - 2 scrolls of fear {unknown}
 p - 4 scrolls of remove curse
 r - 2 scrolls of random uselessness {unknown}
 F - a scroll of teleportation {unknown}
 K - a scroll of enchant weapon {unknown}
 L - a scroll of amnesia {unknown}
 P - a scroll of blinking {unknown}
Potions
 k - 2 potions of curing
 m - 2 potions of flight {unknown}
 t - 2 potions of beneficial mutation {unknown}
 u - a potion of ambrosia {unknown}
 x - a potion of cancellation {unknown}
 z - a potion of agility {unknown}
 A - a potion of berserk rage {unknown}
 C - 2 potions of resistance {unknown}
 J - a potion of haste {unknown}
 N - a potion of experience {unknown}
 O - a potion of degeneration {unknown}
Books
 E - a Young Poisoner's Handbook

   Spells                             Type                      Level
   a - Sting                          Conjuration/Poison           1
   b - Mephitic Cloud                 Conjuration/Poison/Air       3
   c - Olgreb's Toxic Radiance        Poison                       4
   d - Alistair's Intoxication        Transmutation/Poison         5
   e - Venom Bolt                     Conjuration/Poison           5
 M - a book of Frost

   Spells                             Type                      Level
   a - Freeze                         Ice                          1
   b - Throw Frost                    Conjuration/Ice              2
   c - Ozocubu's Armour               Charms/Ice                   3
   d - Throw Icicle                   Conjuration/Ice              4
   e - Summon Ice Beast               Ice/Summoning                4
Comestibles
 f - 4 bread rations
 o - 6 meat rations


   Skills:
 + Level 6.3 Fighting
 * Level 6.3 Staves
 * Level 11.7 Bows
 - Level 1.3 Dodging
 - Level 0.5 Stealth


You had 8 spell levels left.
You didn't know any spells.

Dungeon Overview and Level Annotations

Branches:
Dungeon (8/15)             Temple (1/1) D:6
   Lair: D:8-11

Altars:
Ashenzari
Cheibriados
Dithmenos
Elyvilon
Hepliaklqana
Kikubaaqudgha
Makhleb
Nemelex Xobeh
Okawaru
Ru
Sif Muna
Trog
Uskayaw
Vehumet
Xom
Yredelemnul
Zin
The Shining One

Annotations:
D:7 Joseph


Innate Abilities, Weirdness & Mutations

You have hooves in place of feet.
Armour fits poorly on your strangely shaped body.
You cover ground very quickly.
You have extremely tough skin. (AC +3)


Message History

* * * LOW HITPOINT WARNING * * *
You hit the warg but do no damage.
The warg is severely wounded.
The warg completely misses you. The warg bites you.
* * * LOW HITPOINT WARNING * * *
You hit the warg but do no damage.
The warg is severely wounded.
The warg barely misses you.
You closely miss the warg.
The warg is severely wounded.
The warg barely misses you.
You hit the warg but do no damage. You kick the warg.
The warg is severely wounded.
The warg closely misses you.
You barely miss the warg. You kick the warg, but do no damage.
The warg is severely wounded.
The warg bites you.
* * * LOW HITPOINT WARNING * * *
The warg bites you!
You die...

......(###.###..#....###.........
......## ##.........##.##........
.###...###..######.##...##.......
.##.........# #...'#.##........
..#....##...# #....###...####..
.......####.#####.....#...## #...
.......###....##..........####.#.
..#.....#...#..............##..#.
.##........###.......##........#.
..........## #.#.h...##...#......
.....#....# #.#@...###..##......
#...####..####.†....# #..##......
##.## ##..##.#.....###).#...[..#
### ##.##.######.....##...####
##.##### ##.####.##.## #.## #.#
##.###.## ### ### #.####..# ###
#.### ###


You could see a warg.

Vanquished Creatures
  Prince Ribbit (D:7)
  Grinder (D:5)
  Menkaure (D:7)
  A phantom (D:7)
  An ice beast (D:5)
  An ogre (D:7)
  A centaur (D:6)
  4 bullfrogs
  4 scorpions
  2 killer bees
  A howler monkey (D:4)
  3 crimson imps
  Crazy Yiuf (D:3)
  2 centaur zombies
  2 hounds
  A bullfrog skeleton (D:6)
  3 orc priests
  Natasha (D:3)
  Terence (D:3)
  3 iguanas
  4 orc wizards
  A worker ant (D:4)
  4 big kobold zombies (Ossuary)
  A mummy (Ossuary)
  Robin (D:3)
  6 adders
  2 shadow imps (D:7)
  2 adder skeletons
  An adder zombie (D:4)
  2 worms
  A dart slug (D:3)
  2 leopard geckos
  21 orcs
  3 spectral bats (Ossuary)
  6 giant cockroaches
  15 goblins
  3 hobgoblins
  14 jackals
  5 kobolds
  2 quokkas
  A ball python (D:1)
  8 bats
  A bat simulacrum (Ossuary)
  2 frilled lizards
  8 gnoll zombies (Ossuary)
  4 goblin simulacra (Ossuary)
  2 goblin zombies (Ossuary)
  2 hobgoblin zombies (Ossuary)
  3 kobold simulacra (Ossuary)
  5 kobold zombies (Ossuary)
  A leopard gecko skeleton (D:4)
  9 orc zombies (Ossuary)
  2 quokka skeletons
  A quokka zombie (D:6)
  7 rats
  2 rat simulacra (Ossuary)
  2 spectral goblins (Ossuary)
  A spectral kobold (Ossuary)
  3 spectral rats (Ossuary)
195 creatures vanquished.

Notes
Turn   | Place    | Note
-------+----------+-------------------------------------------
     0 | D:1      | rgaf the Centaur Hunter began the quest for the Orb.
     0 | D:1      | Reached XP level 1. HP: 17/17 MP: 1/1
    83 | D:1      | You fall through a shaft!
   631 | D:1      | Reached XP level 2. HP: 14/25 MP: 2/2
  1341 | D:2      | Reached skill level 6 in Bows
  1968 | D:2      | Found an ancient bone altar of Kikubaaqudgha.
  2088 | D:3      | Found a glowing golden altar of the Shining One.
  2115 | D:3      | Noticed Robin
  2126 | D:3      | Reached XP level 3. HP: 24/30 MP: 3/3
  2416 | D:3      | Killed Robin
  2583 | D:3      | Reached XP level 4. HP: 32/38 MP: 4/4
  2613 | D:3      | Reached skill level 7 in Bows
  2899 | D:3      | Found a runed door.
  2903 | D:3      | Noticed Crazy Yiuf
  2948 | D:3      | Killed Crazy Yiuf
  3073 | D:3      | Reached XP level 5. HP: 31/45 MP: 5/5
  3208 | D:3      | Noticed Natasha
  3212 | D:3      | Killed Natasha
  3229 | D:3      | Noticed Terence
  3291 | D:3      | Killed Terence
  3689 | D:3      | Reached skill level 8 in Bows
  4111 | D:4      | Reached skill level 1 in Staves
  4111 | D:4      | Reached XP level 6. HP: 52/52 MP: 6/6
  4806 | D:5      | Entered Level 5 of the Dungeon
  5079 | D:5      | Got a pearl-encrusted plate armour
  5090 | D:5      | Identified the +15 plate armour of the Untouchables {*Corrode +Blink Regen+} (You found it on level 5 of the Dungeon)
  5141 | D:5      | Noticed Grinder
  5233 | D:6      | Reached skill level 9 in Bows
  5233 | D:6      | Reached XP level 7. HP: 30/59 MP: 7/7
  5670 | D:6      | Found a deep blue altar of Sif Muna.
  5671 | D:6      | Found a white marble altar of Elyvilon.
  5753 | D:6      | Found a staircase to the Ecumenical Temple.
  5996 | D:6      | Reached XP level 8. HP: 49/67 MP: 8/8
  6257 | D:6      | Reached skill level 5 in Fighting
  6257 | D:6      | Reached skill level 10 in Bows
  6806 | D:5      | Paralysed by Grinder for 7 turns
  6821 | D:5      | Killed Grinder
  6821 | D:5      | Reached skill level 5 in Staves
  6903 | D:5      | You fall through a shaft for 2 floors!
  7065 | D:7      | Noticed Joseph
  7342 | D:7      | Noticed Prince Ribbit
  7380 | D:7      | Killed Prince Ribbit
  7380 | D:7      | Reached skill level 11 in Bows
  7402 | D:7      | Found a sand-covered staircase.
  7407 | Ossuary  | Entered an ossuary
  8490 | D:7      | Noticed Menkaure
  8497 | D:7      | Killed Menkaure
  8497 | D:7      | Reached XP level 9. HP: 75/75 MP: 9/9
  9823 | Temple   | Entered the Ecumenical Temple
  9908 | Temple   | Became a worshipper of Warmaster Okawaru
 10398 | D:7      | Slain by a warg

Vault maps used:
D:1:      dpeg_arrival_three_same_balls
D:2:      lemuel_crystal_altar
D:3:      nicolae_overflow_crystal_walls, uniq_robin, uniq_natasha,
          uniq_terence, uniq_crazy_yiuf_cottage
D:4:      kennysheep_generic_room_13
D:5:      first_bread, eino_tiny_chamber, uniq_grinder
D:6:      gammafunk_temple_overflow_statue, minmay_misc_feat_tower,
          minmay_misc_feat_alley, grunt_decor_cap
D:7:      enter_ossuary_5, dk_rats_in_the_wall, uniq_menkaure, uniq_joseph,
          uniq_prince_ribbit1
D:8:      nicolae_gozag_cash_rules_everything_around_me,
          erik_lair_orcish_takeover
Temple:   nicolae_temple_elliptical
Ossuary:  ossuary_zaba_two_paths

Skill      XL: |  1  2  3  4  5  6  7  8 |
---------------+-------------------------+-----
Bows           | 6 7 8 9 11 | 11.7
Fighting       | 3 4 6 |  6.3
Staves         | 1 2 4 6 |  6.3
Dodging        | |  1.3
Stealth        | |  0.5

Action                   |  1- 3 |  4- 6 |  7- 9 || total
-------------------------+-------+-------+-------++-------
Melee: Short sword       |   132 |    87 |       ||   219
       Kick              |    21 |    26 |    75 ||   122
       Shortbow          |     1 |       |       ||     1
       Quarterstaff      |       |   113 |   330 ||   443
       Unarmed           |       |     4 |     4 ||     8
 Fire: Shortbow          |    28 |    94 |   132 ||   254
  Use: Potion            |       |     2 |     6 ||     8
       Scroll            |       |       |     1 ||     1
 Stab: Sleeping          |       |       |     7 ||     7
  Eat: Chunk             |     2 |     9 |     2 ||    13
       Bread ration      |       |       |     2 ||     2
       Pizza             |       |       |     1 ||     1
       Beef jerky        |       |       |     1 ||     1
Armor: Leather armour    |    63 |   130 |   156 ||   349
       Skin              |       |       |     2 ||     2
Dodge: Dodged            |    80 |   124 |   159 ||   363
